 Dungeon Crawl Stone Soup version 0.20-b1-24-gb21faa7 (webtiles) character file.

169 Hailrake the Poker (level 5, 0/42 HPs)
             Began as a Merfolk Berserker on May 25, 2017.
             Was a Priest of Trog.
             Slain by an orc
             ... wielding a +0 whip
              (4 damage)
             ... on level 3 of the Dungeon.
             The game lasted 00:07:02 (2585 turns).

Hailrake the Poker (Merfolk Berserker)              Turns: 2585, Time: 00:07:03

Health: 0/42       AC:  8    Str: 17    XL:     5   Next: 50%
Magic:  5/5        EV: 11    Int:  6    God:    Trog [***...]
Gold:   95         SH:  0    Dex: 15    Spells: 4/4 levels left

rFire    . . .     SeeInvis .   a - +0 spear
rCold    . . .     Gourm    .   (no shield)
rNeg     . . .     Faith    .   j - +1 scale mail
rPois    .         Spirit   .   (no helmet)
rElec    .         Reflect  .   (no cloak)
rCorr    .         Harm     .   l - +0 pair of gloves
MR       .....                  (no boots)
Stlth    ..........             (no amulet)
Regen    0.2/turn               (no ring)
MPRegen  0.1/turn               (no ring)

@: drained
A: change form in water, swift swim, stealthy swim
a: Berserk, Trog's Hand, Burn Spellbooks, Renounce Religion


You were on level 3 of the Dungeon.
You worshipped Trog.
Trog was most pleased with you.
You were very hungry.

You visited 1 branch of the dungeon, and saw 3 of its levels.

You collected 95 gold pieces.

Inventory:

Hand Weapons
 a - a +0 spear (weapon)
Armour
 b - a +0 animal skin
 j - a +1 scale mail (worn)
 l - a +0 pair of gloves (worn)
Scrolls
 d - 2 scrolls of blinking
 e - a scroll of recharging {unknown}
 g - a scroll of random uselessness {unknown}
 m - a scroll of fear {unknown}
 n - a scroll of teleportation {unknown}
 p - a scroll of enchant armour
 q - 2 scrolls of identify {unknown}
 u - a scroll of remove curse
Potions
 f - 2 potions of degeneration {unknown}
 h - 2 potions of experience {unknown}
 k - a potion of lignification {unknown}
 o - a potion of flight {unknown}
 s - a potion of berserk rage {unknown}
 t - a potion of cancellation {unknown}
Comestibles
 c - 2 bread rations
 i - 2 royal jellies
 r - a meat ration


   Skills:
 + Level 4.2(3.7) Fighting
 + Level 6.5(6.0) Polearms
 + Level 2.1(1.6) Armour
 * Level 3.9(3.4) Dodging


You had 4 spell levels left.
You didn't know any spells.

Dungeon Overview and Level Annotations

Branches:
Dungeon (3/15)

Altars:


Message History

The orc misses you.
The orc priest mumbles some strange prayers to Beogh against you.
Beogh smites you!
* * * LOW HITPOINT WARNING * * *
You hit the orc priest but do no damage.
The orc priest is moderately wounded.
The orc barely misses you.
The orc priest hits you but does no damage.
You feel drained.
You hit the orc priest but do no damage.
The orc priest is moderately wounded.
The orc hits you with a whip.
* * * LOW HITPOINT WARNING * * *
The orc priest hits you but does no damage.
You feel drained.
You hit the orc priest.
The orc priest is heavily wounded.
You are feeling very hungry.
The orc hits you with a whip.
You die...

### .... .....
#####.....#
#..@)......
#.#oo......
#.##....... #.#
#...... #.#
#..... #.# #.###
###.#######
#........########
#.#.#.#..##.....#


You could see an orc priest and an orc.

Vanquished Creatures
  A hound (D:3)
  Jessica (D:3)
  2 adders (D:3)
  2 worms (D:3)
  4 dart slugs
  3 leopard geckos
  3 orcs (D:3)
  3 ball pythons
  3 giant cockroaches
  8 goblins
  7 hobgoblins
  13 jackals
  5 kobolds
  7 bats
  2 frilled lizards
  8 rats
72 creatures vanquished.

Notes
Turn   | Place    | Note
-------+----------+-------------------------------------------
     0 | D:1      | Hailrake the Merfolk Berserker began the quest for the Orb.
     0 | D:1      | Reached XP level 1. HP: 18/18 MP: 1/1
   215 | D:1      | Reached XP level 2. HP: 11/24 MP: 2/2
   676 | D:1      | Reached skill level 5 in Polearms
   994 | D:2      | Reached XP level 3. HP: 28/29 MP: 3/3
  1090 | D:2      | Reached ** piety under Trog
  1628 | D:2      | Reached XP level 4. HP: 37/37 MP: 4/4
  1901 | D:3      | Noticed Jessica
  1905 | D:3      | Killed Jessica
  1930 | D:3      | Reached skill level 6 in Polearms
  1930 | D:3      | Reached XP level 5. HP: 30/42 MP: 5/5
  2204 | D:3      | Reached *** piety under Trog
  2585 | D:3      | Slain by an orc

Skill      XL: |  1  2  3  4 |
---------------+-------------+-----
Polearms       | 5 6 |  6.5
Dodging        | 3 |  3.9
Fighting       | 4 |  4.2
Armour         | 2 |  2.1

Action                   |  1- 3 |  4- 6 || total
-------------------------+-------+-------++-------
Melee: Spear             |   146 |   147 ||   293
Invok: Berserk           |     1 |     1 ||     2
  Use: Scroll            |     2 |     1 ||     3
  Eat: Bread ration      |     1 |       ||     1
       Royal jelly       |       |     1 ||     1
Armor: Animal skin       |     7 |       ||     7
       Scale mail        |    32 |    38 ||    70
Dodge: Dodged            |    74 |    55 ||   129
